cohdb
Replays
Latest Replays
All Replays
Popular Replays
Top Player Replays
Match Explorer
How It Works
Community
CoH3 Stats
Reddit
Sign in to upload your games and track your stats! →
Sign in with Steam
Match 36540874
Unlisted
Match 36540874
Overview
Messages
Build Orders
End
Construct Section Command Post
Infantry Section
Vickers Machine Gun Team
Infantry Section
Construct Platoon Command Post
Infantry Section
Unlock M3 Stuart Light Tanks
M3 Stuart Light Tank
6-pounder Anti-tank Gun Team
Royal Engineer Section
CMP 15cwt Truck
Grenade Package
Construct Company Command Post
Selects Air and Sea Battlegroup
Selects Commando Section Paradrop
Selects M1 Pack Howitzer Paradrop
Commando Section Paradrop
Selects Incendiary Bombing Run
Incendiary Bombing Run
WasIsDaLos
Olympia007
TAC
jakubirl
Cockstar
vincent
CFL-Fireworks
dove
0
0
Comments
sign in to comment!
No comments posted yet!